 Dungeon Crawl Stone Soup version 0.31.0-11-ge490571c62 (webtiles) character file.

Game seed: 3702715418265982636

51813 qw the Spry (level 14, -33/72 HPs)
             Began as a Spriggan Hunter on Feb 3, 2024.
             Was the Champion of Okawaru.
             Annihilated by a dire elephant simulacrum (36 damage)
             ... animated by a necromancer
             ... on level 5 of the Lair of Beasts.
             The game lasted 00:06:32 (15084 turns).

qw the Spry (Spriggan Hunter)                      Turns: 15084, Time: 00:06:33

Health: -33/72     AC:  7    Str:  7    XL:     14   Next: 24%
Magic:  22/22      EV: 39    Int: 11    God:    Okawaru [******]
Gold:   742        SH:  0    Dex: 29    Spells: 13/13 levels left

rFire   . . .        x - +3 hand cannon (drain)
rCold   . . .        (no shield)
rNeg    . . .        h - +1 troll leather armour
rPois   +            (helmet restricted)
rElec   .            c - +2 cloak
rCorr   .            (gloves unavailable)
SInv    +            (boots unavailable)
Will    ++...        (no amulet)
Stlth   ++           d - +6 ring of dexterity
HPRegen 1.12/turn    w - ring of poison resistance
MPRegen 0.18/turn

%: no passive effects
@: about to teleport, very quick
A: very small, no large weapons, unfitting armour, see invisible, speed 3
a: Renounce Religion, Heroism, Finesse, Duel


You were on level 5 of the Lair of Beasts.
You worshipped Okawaru.
Okawaru was exalted by your worship.
You visited 3 branches of the dungeon, and saw 16 of its levels.
You also visited: Ossuary.

You collected 1003 gold pieces.
You spent 261 gold pieces at shops.


Innate Abilities, Weirdness & Mutations

You are very small and have problems with some larger weapons.
You are too small for most types of armour.
You have supernaturally acute eyesight. (SInv)
You cover ground extremely quickly. (Speed+++)


   Skills:
 - Level 7.0 Fighting
 - Level 17.0 Ranged Weapons
 - Level 1.2 Armour
 + Level 18.0 Dodging
 - Level 1.5 Stealth
 - Level 10.0 Invocations


You had 13 spell levels left.
You didn't know any spells.
Your spell library was empty.

Inventory:

Hand Weapons
 g - the +9 orcbow of Cataclysm {speed, rF+ rN+ rCorr Int-4 Dex+2}
   (You found it on level 5 of the Lair of Beasts)

   Int-4:     It affects your intelligence (-4).
   Dex+2:     It affects your dexterity (+2).
   rF+:       It protects you from fire.
   rN+:       It protects you from negative energy.
   rCorr:     It protects you from acid and corrosion.
 x - a +3 hand cannon of draining (weapon)
Armour
 c - a +2 cloak (worn)
 h - a +1 troll leather armour (worn)
 o - a scarf of resistance
Jewellery
 d - a +6 ring of dexterity (left hand)
 p - an amulet of guardian spirit
 s - a ring of protection from cold
 v - a +6 ring of strength
 w - a ring of poison resistance (right hand)
 Y - a ring of protection from fire
Wands
 f - a wand of iceblast (31)
 m - a wand of mindburst (2)
 n - a wand of paralysis (14)
Scrolls
 l - 7 scrolls of teleportation
 q - 5 scrolls of identify
Potions
 a - 3 potions of enlightenment
 b - 14 potions of curing
 e - 4 potions of cancellation
 i - 5 potions of mutation
 j - 3 potions of haste
 k - 7 potions of heal wounds
 r - a potion of magic
 u - 2 potions of might

Dungeon Overview and Level Annotations

Branches:
Dungeon (10/15)            Temple (1/1) D:6            Lair (5/5) D:10
  Swamp (0/4) Lair:3       Spider (0/4) Lair:3        Slime (0/5) Lair:4
    Orc (0/2) D:10        Ossuary (visited)

Altars:
Ashenzari
Cheibriados
Dithmenos
Elyvilon
Fedhas
Gozag
Hepliaklqana
Kikubaaqudgha
Makhleb
Nemelex Xobeh
Okawaru
Qazlal
Ru
Sif Muna
Trog
Uskayaw
Vehumet
Wu Jian
Xom
Yredelemnul
Zin
The Shining One
Jiyva

Shops:
D:7 *

Portals:
Bailey: D:10
Volcano: Lair:3

Annotations:
D:8 2 transporters, qw's ghost, novice SpHu
Lair:2 1 runed translucent door, qw's ghost, journeyman SpHu
Lair:4 exclusion: 3 oklob plants


Message History

Okawaru accepts your kill.
A freezing mist starts to gather...
A dire elephant simulacrum comes into view.
The spectral anaconda completely misses you.
The spectral anaconda bites you!
Your life force feels restored.
Your Ranged Weapons skill increases to level 17!
Enter note:
Enter note:
Enter note:
Enter note:
Enter note:
Enter note:
Enter note:
Enter note: You shoot a bolt.
The bolt hits the spectral anaconda but does no damage.
The spectral anaconda is lightly damaged.
The spectral anaconda completely misses you. x2
The necromancer casts a spell at you.
The bolt of negative energy hits the spectral anaconda.
The spectral anaconda completely resists.
The bolt of negative energy misses you. The spectral anaconda misses you.
The spectral anaconda completely misses you.
You shoot a bolt. The bolt hits the spectral anaconda!
The spectral anaconda is moderately damaged.
The spectral anaconda completely misses you. x2
The dire elephant simulacrum completely misses you.
The dire elephant simulacrum trunk-slaps you!
The dire elephant simulacrum freezes you!!!
Ouch! That really hurt!
15084 ||| READING 8 scrolls of teleportation.
As you read the scroll of teleportation, it crumbles to dust.
You feel strangely unstable.
The dire elephant simulacrum tramples you!
You hold your ground!
The dire elephant simulacrum trunk-slaps you.
The dire elephant simulacrum freezes you!!!
Ouch! That really hurt!
You die... #........#.8##8$.8 #........#.####''# #........#.##.~~~## .#.......#.#.~~~~~# .........#.# ~~~~~ .........#.## ~~.. #........#..# ZY#

.#.......##.####p##
##.......7#...#8@8#
#.........###.#Z00###
##.........##.##..#.#
...........7#..#..'.###
...........7##.#..'...#
...........7 #.#####..#
..........7# #....'...##
..........######..'....#
#P.......7#...'..8##...#


You could see a dire elephant (soul bound, drained), a spectral anaconda, a
necromancer and a dire elephant simulacrum.

Vanquished Creatures
  A dire elephant (Lair:5)
  Josephine (Lair:5)
  4 hydras
  Erica (D:8)
  2 boulder beetles
  A two-headed ogre (D:9)
  4 death yaks (Lair:5)
  Nergalle (Lair:3)
  A spectral death yak (Lair:5)
  A lindwurm (Lair:4)
  2 necromancers (Lair:5)
  2 oklob plants (Lair:4)
  12 elephants
  A dire elephant zombie (Lair:5)
  5 black mambas
  A gargoyle (D:10)
  12 cane toads
  A torpor snail (Lair:5)
  5 rime drakes
  2 kobold demonologists (D:9)
  8 komodo dragons
  2 ice devils (Lair:5)
  Psyche (D:8)
  2 trolls
  A polar bear (Lair:5)
  2 tyrant leeches (Lair:3)
  Prince Ribbit (D:7)
  15 blink frogs
  3 dream sheep (D:7)
  2 spectral elephants (Lair:5)
  2 shadows (D:10)
  9 wyverns
  5 wraiths
  6 basilisks
  A dire elephant simulacrum (Lair:5)
  52 yaks
  4 redbacks (Lair:3)
  Menkaure (D:5)
  3 death yak simulacra (Lair:5)
  2 spectral cane toads (Lair:5)
  A steam dragon (D:6)
  17 water moccasins
  A swamp drake (D:10)
  A sky beast (D:8)
  4 ice beasts
  3 black bears
  2 elephant zombies (Lair:5)
  2 ogres
  5 orc warriors
  8 wolves
  5 centaurs
  An elephant skeleton (Lair:5)
  3 kobold brigands
  10 bullfrogs
  Blork the orc (D:5)
  A gnoll sergeant (D:7)
  3 scorpions
  6 wights
  14 killer bees
  An elephant simulacrum (Lair:5)
  6 howler monkeys
  5 jellies
  A gnoll bouda (D:7)
  A bombardier beetle (D:3)
  6 orc priests
  2 hounds
  2 spectral scorpions (Ossuary)
  3 centaur skeletons (Ossuary)
  5 hell rats (Lair:4)
  2 iguanas
  7 orc wizards
  4 sleepcaps
  A crocodile zombie (Ossuary)
  10 mummies (Ossuary)
  10 adders
  3 gnolls (D:7)
  A shadow imp (D:7)
  A white imp (D:5)
  6 dart slugs
  38 orcs
  5 bats
  9 endoplasms
  5 giant cockroaches
  11 goblins
  3 hobgoblins
  18 kobolds
  8 quokkas
  10 ball pythons
  2 frilled lizards
  2 gnoll skeletons (Ossuary)
  3 kobold skeletons (Ossuary)
  A kobold zombie (D:7)
  7 rats
  10 spectral rats (Ossuary)
479 creatures vanquished.

Vanquished Creatures (others)
  A death yak (Lair:5)
1 creature vanquished.

Grand Total: 480 creatures vanquished

Notes
Turn   | Place    | Note
-------+----------+-------------------------------------------
     0 | D:1      | qw the Spriggan Hunter began the quest for the Orb.
     0 | D:1      | Reached XP level 1. HP: 10/10 MP: 2/2
     0 | D:1      | 0 ||| qw: Version: 0.3-a-155-g5e7d8dd
     0 | D:1      | 0 ||| qw: Game counter: 3308
     0 | D:1      | 0 ||| qw: Melee chars always use a shield: true
     0 | D:1      | 0 ||| qw: God list: Okawaru
     0 | D:1      | 0 ||| qw: Allow faded altars: false
     0 | D:1      | 0 ||| qw: Do Orc after clearing Dungeon:15 true
     0 | D:1      | 0 ||| qw: Do second Lair branch before Depths: true
     0 | D:1      | 0 ||| qw: Lair rune preference: random
     0 | D:1      | 0 ||| qw: Goals: Normal
     0 | D:1      | 0 ||| PLANNING D:1-11
    37 | D:1      | Reached skill level 3 in Dodging
    60 | D:1      | Reached XP level 2. HP: 14/14 MP: 3/3
    79 | D:1      | Reached skill level 4 in Dodging
   243 | D:1      | Reached XP level 3. HP: 18/18 MP: 4/4
   353 | D:1      | Found a faded altar of an unknown god.
   576 | D:1      | 576 ||| READING scroll labelled VYURAOSHACH.
   577 | D:1      | 577 ||| READING scroll labelled LOSSAPNYES.
   578 | D:1      | 578 ||| DROPPING scroll of butterflies.
   645 | D:2      | 645 ||| RETREEEEATING.
   664 | D:2      | HP: 4/18 [poisoned by an adder]
   962 | D:2      | Reached XP level 4. HP: 22/22 MP: 5/5
  1134 | D:2      | 1134 ||| READING scroll labelled TOBLAUSAMU.
  1139 | D:2      | 1139 ||| READING scroll labelled ABU ULITOYRI.
  1140 | D:2      | 1140 ||| READING 2 scrolls labelled MEXTIH PERCHEIL.
  1140 | D:2      | 1140 ||| IDENTIFYING yellow potion
  1141 | D:2      | 1141 ||| READING scroll of identify.
  1141 | D:2      | 1141 ||| IDENTIFYING inky potion
  1142 | D:2      | 1142 ||| READING scroll labelled QILIRY WIROTZ.
  1142 | D:2      | 1142 ||| ENCHANTING +0 shortbow.
  1143 | D:2      | 1143 ||| READING 3 scrolls labelled ZEACA SUV NUBO.
  1143 | D:2      | 1143 ||| ENCHANTING +0 shortbow.
  1144 | D:2      | 1144 ||| READING 2 scrolls of enchant weapon.
  1144 | D:2      | 1144 ||| ENCHANTING +1 shortbow.
  1145 | D:2      | 1145 ||| READING scroll of enchant weapon.
  1145 | D:2      | 1145 ||| ENCHANTING +2 shortbow.
  1146 | D:2      | 1146 ||| DROPPING potion of invisibility.
  1147 | D:2      | 1147 ||| DROPPING potion of berserk rage.
  1496 | D:3      | Reached skill level 5 in Dodging
  1765 | D:3      | Noticed a scorpion
  1769 | D:3      | Killed a scorpion
  1770 | D:3      | Reached XP level 5. HP: 27/27 MP: 6/6
  1918 | D:3      | 1918 ||| READING scroll of identify.
  1918 | D:3      | 1918 ||| IDENTIFYING amethyst potion
  1969 | D:4      | Found a blossoming altar of Fedhas.
  2014 | D:4      | Found a shimmering blue altar of Sif Muna.
  2043 | D:4      | Reached XP level 6. HP: 32/32 MP: 7/7
  2115 | D:4      | Found a radiant altar of Vehumet.
  2337 | D:4      | Reached skill level 6 in Ranged Weapons
  2414 | D:4      | Reached skill level 6 in Dodging
  2421 | D:4      | Reached XP level 7. HP: 30/35 MP: 8/8
  2509 | D:4      | 2509 ||| FLEEEEING.
  2511 | D:4      | 2511 ||| FLEEEEING.
  2512 | D:4      | 2512 ||| FLEEEEING.
  2513 | D:4      | 2513 ||| FLEEEEING.
  2516 | D:4      | 2516 ||| FLEEEEING.
  2518 | D:4      | 2518 ||| FLEEEEING.
  2519 | D:4      | 2519 ||| FLEEEEING.
  2520 | D:4      | 2520 ||| FLEEEEING.
  2521 | D:4      | 2521 ||| FLEEEEING.
  2522 | D:4      | 2522 ||| FLEEEEING.
  2523 | D:4      | 2523 ||| FLEEEEING.
  2525 | D:4      | 2525 ||| FLEEEEING.
  2526 | D:4      | 2526 ||| FLEEEEING.
  2529 | D:4      | 2529 ||| FLEEEEING.
  2530 | D:4      | 2530 ||| FLEEEEING.
  2531 | D:4      | 2531 ||| FLEEEEING.
  2532 | D:4      | 2532 ||| FLEEEEING.
  2649 | D:4      | Found a broken altar of Ashenzari.
  2706 | D:4      | 2706 ||| FLEEEEING.
  2707 | D:4      | 2707 ||| FLEEEEING.
  2708 | D:4      | 2708 ||| FLEEEEING.
  2709 | D:4      | 2709 ||| FLEEEEING.
  2710 | D:4      | 2710 ||| FLEEEEING.
  2712 | D:4      | 2712 ||| FLEEEEING.
  2956 | D:4      | Found a sparkling altar of Nemelex Xobeh.
  2979 | D:4      | 2979 ||| READING scroll of identify.
  2979 | D:4      | 2979 ||| IDENTIFYING viscous clear potion
  2980 | D:4      | 2980 ||| READING scroll labelled FITIGI XAOF.
  2981 | D:4      | 2981 ||| READING scroll labelled XEH ITIRCHERAS.
  2983 | D:4      | 2983 ||| Stepping ~*~*~tactically~*~*~ (cloud).
  3098 | D:5      | Entered Level 5 of the Dungeon
  3105 | D:5      | Noticed Menkaure
  3113 | D:5      | Killed Menkaure
  3114 | D:5      | Reached skill level 7 in Dodging
  3307 | D:5      | Noticed Blork the orc
  3316 | D:5      | Killed Blork the orc
  3317 | D:5      | 3317 ||| FLEEEEING.
  3318 | D:5      | 3318 ||| FLEEEEING.
  3319 | D:5      | 3319 ||| FLEEEEING.
  3320 | D:5      | 3320 ||| FLEEEEING.
  3321 | D:5      | 3321 ||| FLEEEEING.
  3322 | D:5      | 3322 ||| FLEEEEING.
  3323 | D:5      | 3323 ||| FLEEEEING.
  3325 | D:5      | 3325 ||| FLEEEEING.
  3326 | D:5      | 3326 ||| FLEEEEING.
  3327 | D:5      | 3327 ||| FLEEEEING.
  3331 | D:5      | 3331 ||| FLEEEEING.
  3332 | D:5      | 3332 ||| FLEEEEING.
  3333 | D:5      | 3333 ||| FLEEEEING.
  3334 | D:5      | 3334 ||| FLEEEEING.
  3335 | D:5      | 3335 ||| FLEEEEING.
  3336 | D:5      | 3336 ||| FLEEEEING.
  3337 | D:5      | 3337 ||| FLEEEEING.
  3338 | D:5      | 3338 ||| FLEEEEING.
  3340 | D:5      | 3340 ||| FLEEEEING.
  3342 | D:5      | 3342 ||| FLEEEEING.
  3343 | D:5      | 3343 ||| FLEEEEING.
  3344 | D:5      | 3344 ||| FLEEEEING.
  3345 | D:5      | 3345 ||| STAIRDANCE
  3507 | D:5      | 3507 ||| FLEEEEING.
  3508 | D:5      | 3508 ||| FLEEEEING.
  3509 | D:5      | 3509 ||| FLEEEEING.
  3510 | D:5      | 3510 ||| FLEEEEING.
  3511 | D:5      | 3511 ||| FLEEEEING.
  3512 | D:5      | 3512 ||| FLEEEEING.
  3514 | D:5      | 3514 ||| FLEEEEING.
  3515 | D:5      | 3515 ||| FLEEEEING.
  3517 | D:5      | 3517 ||| FLEEEEING.
  3518 | D:5      | 3518 ||| FLEEEEING.
  3519 | D:5      | 3519 ||| FLEEEEING.
  3521 | D:5      | 3521 ||| FLEEEEING.
  3522 | D:5      | 3522 ||| FLEEEEING.
  3523 | D:5      | 3523 ||| FLEEEEING.
  3525 | D:5      | 3525 ||| FLEEEEING.
  3526 | D:5      | 3526 ||| FLEEEEING.
  3528 | D:5      | 3528 ||| FLEEEEING.
  3529 | D:5      | 3529 ||| FLEEEEING.
  3530 | D:5      | 3530 ||| FLEEEEING.
  3531 | D:5      | 3531 ||| FLEEEEING.
  3532 | D:5      | 3532 ||| FLEEEEING.
  3533 | D:5      | 3533 ||| FLEEEEING.
  3536 | D:5      | 3536 ||| FLEEEEING.
  3537 | D:5      | 3537 ||| FLEEEEING.
  3538 | D:5      | 3538 ||| FLEEEEING.
  3539 | D:5      | 3539 ||| FLEEEEING.
  3542 | D:5      | 3542 ||| FLEEEEING.
  3543 | D:5      | 3543 ||| STAIRDANCE
  3563 | D:4      | 3563 ||| READING scroll labelled FONEOF XOVAU.
  3566 | D:5      | 3566 ||| STAIRDANCE
  3646 | D:5      | Found a shimmering altar of Xom.
  3914 | D:5      | Reached skill level 8 in Dodging
  3914 | D:5      | Reached XP level 8. HP: 25/39 MP: 9/9
  4031 | D:5      | Reached skill level 3 in Fighting
  4681 | D:5      | 4681 ||| DROPPING ring of wizardry.
  4682 | D:5      | 4682 ||| READING 2 scrolls of identify.
  4682 | D:5      | 4682 ||| IDENTIFYING puce potion
  4683 | D:5      | 4683 ||| READING scroll of identify.
  4683 | D:5      | 4683 ||| IDENTIFYING glowing silvery potion
  4684 | D:5      | 4684 ||| DROPPING potion of brilliance.
  4762 | D:6      | Found a white marble altar of Elyvilon.
  4845 | D:6      | 4845 ||| FLEEEEING.
  4846 | D:6      | 4846 ||| FLEEEEING.
  4849 | D:6      | 4849 ||| FLEEEEING.
  4850 | D:6      | 4850 ||| STAIRDANCE
  4875 | D:5      | 4875 ||| UPGRADING to +6 ring of dexterity.
  4880 | D:6      | 4880 ||| STAIRDANCE
  4942 | D:6      | 4942 ||| STAIRDANCE
  4951 | D:6      | 4951 ||| STAIRDANCE
  4979 | D:6      | 4979 ||| STAIRDANCE
  5116 | D:6      | 5116 ||| SWAPPING to +0 orcbow.
  5117 | D:6      | 5117 ||| DROPPING +3 shortbow.
  5152 | D:6      | Reached skill level 9 in Dodging
  5159 | D:6      | 5159 ||| READING scroll of enchant weapon.
  5159 | D:6      | 5159 ||| ENCHANTING +0 orcbow.
  5165 | D:6      | Reached skill level 9 in Ranged Weapons
  5233 | D:6      | Found a staircase to the Ecumenical Temple.
  5234 | D:6      | 5234 ||| PLANNING TEMPLE
  5236 | D:6      | 5236 ||| UPGRADING to ring of resist corrosion.
  5245 | D:6      | 5245 ||| RETREEEEATING.
  5248 | D:6      | 5248 ||| RETREEEEATING.
  5249 | D:6      | 5249 ||| RETREEEEATING.
  5250 | D:6      | 5250 ||| RETREEEEATING.
  5254 | D:6      | Reached skill level 10 in Dodging
  5257 | D:6      | HP: 9/40 [steam dragon (3)]
  5258 | D:6      | 5258 ||| READING 2 scrolls of teleportation.
  5262 | D:6      | Reached XP level 9. HP: 8/44 MP: 10/10
  5263 | D:6      | 5263 ||| READING scroll of teleportation.
  5264 | D:6      | HP: 7/44 [black bear (2)]
  5474 | Temple   | Entered the Ecumenical Temple
  5475 | Temple   | 5475 ||| PLANNING D:1-11
  5644 | D:6      | Found a glowing golden altar of the Shining One.
  5655 | D:6      | 5655 ||| UPGRADING to +0 steam dragon scales.
  5665 | D:6      | 5665 ||| DROPPING +0 robe.
  5666 | D:6      | 5666 ||| DRINKING 2 black potions.
  5676 | D:7      | 5676 ||| PLANNING OSSUARY
  5678 | D:7      | Reached skill level 11 in Dodging
  5690 | D:7      | 5690 ||| FLEEEEING.
  5691 | D:7      | 5691 ||| STAIRDANCE
  5721 | D:7      | 5721 ||| STAIRDANCE
  5807 | D:7      | Found an iron altar of Okawaru.
  6042 | D:7      | Found a sand-covered staircase.
  6044 | D:7      | 6044 ||| UPGRADING to amulet of guardian spirit.
  6049 | D:7      | 6049 ||| DROPPING ring of flight.
  6050 | D:7      | 6050 ||| READING scroll of identify.
  6050 | D:7      | 6050 ||| IDENTIFYING lumpy black potion
  6058 | Ossuary  | Entered an ossuary
  6104 | Ossuary  | Reached skill level 12 in Dodging
  6152 | Ossuary  | Reached skill level 1 in Armour
  6388 | Ossuary  | 6388 ||| READING 3 scrolls of identify.
  6388 | Ossuary  | 6388 ||| IDENTIFYING metallic red potion
  6389 | Ossuary  | 6389 ||| READING 2 scrolls of identify.
  6389 | Ossuary  | 6389 ||| IDENTIFYING murky golden potion
  6390 | Ossuary  | 6390 ||| READING scroll of identify.
  6390 | Ossuary  | 6390 ||| IDENTIFYING pink potion
  6391 | Ossuary  | 6391 ||| READING scroll labelled UCVIOM WATU MAIRCH.
  6492 | Ossuary  | 6492 ||| READING scroll labelled XAIPTA BUPPI.
  6493 | Ossuary  | 6493 ||| DRINKING 3 clear potions.
  6494 | Ossuary  | 6494 ||| DRINKING 4 purple potions.
  6495 | Ossuary  | 6495 ||| DROPPING 2 potions of degeneration.
  6496 | Ossuary  | 6496 ||| DROPPING 3 potions of attraction.
  6497 | Ossuary  | 6497 ||| DROPPING potion of lignification.
  6530 | D:7      | 6530 ||| PLANNING OKAWARU WORSHIP
  6742 | D:7      | Found Jiess's Assorted Antiques.
  6744 | D:7      | Noticed Prince Ribbit
  6758 | D:7      | 6758 ||| UPGRADING to +2 cloak.
  6768 | D:7      | Killed Prince Ribbit
  6784 | D:7      | 6784 ||| BUYING heavily runed cloak (171 gold).
  6784 | D:7      | Bought a heavily runed cloak for 171 gold pieces
  6784 | D:7      | Identified the +0 cloak of Garpho {Rampage *Corrode rN+}
                  | (You bought it in a shop on level 7 of the Dungeon)
  6784 | D:7      | 6784 ||| BUYING potion of heal wounds (90 gold).
  6784 | D:7      | Bought a potion of heal wounds for 90 gold pieces
  6784 | D:7      | 6784 ||| SHOPLISTING scroll of identify (36 gold, have 25).
  6784 | D:7      | 6784 ||| SHOPLISTING scroll of teleportation (54 gold, have
                  | 25).
  6784 | D:7      | 6784 ||| DROPPING +0 cloak of Garpho {Rampage *Corrode
                  | rN+}.
  6832 | D:7      | Became a worshipper of Warmaster Okawaru
  6833 | D:7      | 6833 ||| PLANNING D:1-11
  6833 | D:7      | 6833 ||| REMOVING amulet of guardian spirit.
  6860 | D:7      | 6860 ||| FLEEEEING.
  6861 | D:7      | 6861 ||| FLEEEEING.
  6862 | D:7      | 6862 ||| FLEEEEING.
  6863 | D:7      | 6863 ||| FLEEEEING.
  6864 | D:7      | 6864 ||| FLEEEEING.
  6865 | D:7      | 6865 ||| FLEEEEING.
  6866 | D:7      | 6866 ||| FLEEEEING.
  6867 | D:7      | 6867 ||| FLEEEEING.
  6868 | D:7      | 6868 ||| FLEEEEING.
  6869 | D:7      | 6869 ||| FLEEEEING.
  6870 | D:7      | 6870 ||| FLEEEEING.
  6871 | D:7      | 6871 ||| FLEEEEING.
  6872 | D:7      | 6872 ||| FLEEEEING.
  6874 | D:7      | 6874 ||| FLEEEEING.
  6875 | D:7      | 6875 ||| STAIRDANCE
  7054 | D:7      | Reached XP level 10. HP: 49/49 MP: 11/11
  7170 | D:8      | 7170 ||| STAIRDANCE
  7181 | D:8      | 7181 ||| STAIRDANCE
  7189 | D:8      | 7189 ||| STAIRDANCE
  7322 | D:8      | 7322 ||| STAIRDANCE
  7354 | D:8      | 7354 ||| STAIRDANCE
  7387 | D:8      | Noticed Psyche
  7390 | D:8      | Killed Psyche
  7390 | D:8      | Reached * piety under Okawaru
  7391 | D:8      | Reached skill level 13 in Dodging
  7487 | D:8      | 7487 ||| RETREEEEATING.
  7488 | D:8      | 7488 ||| RETREEEEATING.
  7503 | D:8      | Reached skill level 1 in Invocations
  7513 | D:8      | Noticed Erica
  7514 | D:8      | 7514 ||| INVOKING Heroism.
  7528 | D:8      | Killed Erica
  7681 | D:8      | Found a transporter.
  7712 | D:8      | Noticed qw's ghost (novice SpHu)
  7753 | D:8      | Found a transporter.
  8031 | D:8      | 8031 ||| UPGRADING to +2 robe of willpower.
  8041 | D:8      | 8041 ||| UPGRADING to ring of protection from fire.
  8043 | D:8      | 8043 ||| READING scroll of identify.
  8043 | D:8      | 8043 ||| IDENTIFYING golden potion
  8044 | D:8      | 8044 ||| READING 3 scrolls labelled ODUCVU QILOHO.
  8044 | D:8      | 8044 ||| BRANDING +1 orcbow.
  8045 | D:8      | 8045 ||| READING 2 scrolls of brand weapon.
  8045 | D:8      | 8045 ||| BRANDING +1 orcbow of freezing.
  8124 | D:9      | Reached skill level 12 in Ranged Weapons
  8124 | D:9      | Reached skill level 3 in Invocations
  8185 | D:9      | 8185 ||| RETREEEEATING.
  8186 | D:9      | 8186 ||| RETREEEEATING.
  8187 | D:9      | Reached ** piety under Okawaru
  8351 | D:9      | Noticed a two-headed ogre
  8352 | D:9      | 8352 ||| INVOKING Heroism.
  8355 | D:9      | Killed a two-headed ogre
  8356 | D:9      | Reached skill level 14 in Dodging
  8356 | D:9      | Reached XP level 11. HP: 53/53 MP: 12/15
  8735 | D:9      | 8735 ||| UPGRADING to +0 troll leather armour.
  8745 | D:9      | 8745 ||| DROPPING +0 steam dragon scales.
  8746 | D:9      | 8746 ||| DROPPING +2 robe of willpower.
  8747 | D:9      | 8747 ||| UPGRADING to ring of poison resistance.
  8749 | D:9      | 8749 ||| DROPPING ring of resist corrosion.
  8789 | D:10     | Entered Level 10 of the Dungeon
  8829 | D:10     | Found a staircase to the Orcish Mines.
  8857 | D:10     | Reached *** piety under Okawaru
  8901 | D:10     | Found a flagged portal.
  9620 | D:10     | Found a staircase to the Lair.
  9623 | D:10     | 9623 ||| PLANNING LAIR
  9726 | Lair:1   | Entered Level 1 of the Lair of Beasts
  9802 | Lair:1   | Reached **** piety under Okawaru
  9878 | Lair:1   | 9878 ||| RETREEEEATING.
  9881 | Lair:1   | 9881 ||| RETREEEEATING.
 10003 | Lair:1   | Reached skill level 15 in Dodging
 10009 | Lair:1   | 10009 ||| RETREEEEATING.
 10026 | Lair:1   | Reached ***** piety under Okawaru
 10538 | Lair:2   | 10538 ||| RETREEEEATING.
 10540 | Lair:2   | 10540 ||| RETREEEEATING.
 10543 | Lair:2   | Reached skill level 6 in Invocations
 10544 | Lair:2   | 10544 ||| INVOKING Finesse.
 10545 | Lair:2   | 10545 ||| INVOKING Finesse.
 10554 | Lair:2   | Received a gift from Okawaru
 10565 | Lair:2   | Reached XP level 12. HP: 27/60 MP: 13/17
 10626 | Lair:2   | 10626 ||| RETREEEEATING.
 10627 | Lair:2   | 10627 ||| RETREEEEATING.
 10628 | Lair:2   | 10628 ||| RETREEEEATING.
 10629 | Lair:2   | 10629 ||| RETREEEEATING.
 10630 | Lair:2   | 10630 ||| RETREEEEATING.
 10631 | Lair:2   | 10631 ||| RETREEEEATING.
 10632 | Lair:2   | 10632 ||| RETREEEEATING.
 10633 | Lair:2   | 10633 ||| RETREEEEATING.
 10951 | Lair:2   | Received a gift from Okawaru
 10997 | Lair:2   | 10997 ||| RETREEEEATING.
 10998 | Lair:2   | 10998 ||| RETREEEEATING.
 11068 | Lair:2   | Found a runed translucent door.
 11190 | Lair:2   | Noticed a boulder beetle
 11191 | Lair:2   | 11191 ||| INVOKING Finesse.
 11198 | Lair:2   | Killed a boulder beetle
 11199 | Lair:2   | Reached skill level 6 in Fighting
 11477 | Lair:2   | Noticed qw's ghost (journeyman SpHu)
 11605 | Lair:2   | 11605 ||| READING 3 scrolls of identify.
 11605 | Lair:2   | 11605 ||| IDENTIFYING fizzy amethyst potion
 11606 | Lair:2   | 11606 ||| DROPPING potion of ambrosia.
 11650 | Lair:3   | You fall into a shaft and drop 2 floors!
 11650 | Lair:5   | Entered Level 5 of the Lair of Beasts
 11702 | Lair:5   | 11702 ||| RETREEEEATING.
 11703 | Lair:5   | 11703 ||| RETREEEEATING.
 11719 | Lair:5   | 11719 ||| RETREEEEATING.
 11722 | Lair:5   | 11722 ||| RETREEEEATING.
 11724 | Lair:5   | 11724 ||| RETREEEEATING.
 11734 | Lair:5   | 11734 ||| RETREEEEATING.
 11739 | Lair:5   | Reached skill level 9 in Invocations
 11883 | Lair:3   | Noticed a boulder beetle
 11886 | Lair:3   | 11886 ||| INVOKING Finesse.
 11891 | Lair:3   | Killed a boulder beetle
 11891 | Lair:3   | Received a gift from Okawaru
 11912 | Lair:3   | Reached skill level 16 in Dodging
 11914 | Lair:3   | Noticed an eight-headed hydra
 11919 | Lair:3   | Killed an eight-headed hydra
 12078 | Lair:3   | Found a staircase to the Swamp.
 12079 | Lair:3   | Noticed Nergalle
 12093 | Lair:3   | Killed Nergalle
 12126 | Lair:3   | Noticed an eight-headed hydra
 12127 | Lair:3   | 12127 ||| INVOKING Finesse.
 12131 | Lair:3   | Killed an eight-headed hydra
 12132 | Lair:3   | Reached XP level 13. HP: 61/65 MP: 15/21
 12274 | Lair:3   | Found a hole to the Spider Nest.
 12448 | Lair:3   | Found a dark tunnel.
 12676 | Lair:3   | 12676 ||| READING 5 scrolls of identify.
 12676 | Lair:3   | 12676 ||| IDENTIFYING scroll labelled RIEH HILLEXANG
 12677 | Lair:3   | 12677 ||| DROPPING scroll of torment.
 12759 | Lair:4   | Received a gift from Okawaru
 12798 | Lair:4   | Found a staircase to the Slime Pits.
 12799 | Lair:4   | Found a viscous altar of Jiyva.
 12850 | Lair:4   | Reached skill level 15 in Ranged Weapons
 13160 | Lair:4   | 13160 ||| RETREEEEATING.
 13162 | Lair:4   | 13162 ||| RETREEEEATING.
 13163 | Lair:4   | 13163 ||| RETREEEEATING.
 13165 | Lair:4   | 13165 ||| RETREEEEATING.
 13260 | Lair:4   | 13260 ||| RETREEEEATING.
 13261 | Lair:4   | 13261 ||| RETREEEEATING.
 13263 | Lair:4   | 13263 ||| RETREEEEATING.
 13266 | Lair:4   | 13266 ||| RETREEEEATING.
 13268 | Lair:4   | 13268 ||| RETREEEEATING.
 13269 | Lair:4   | 13269 ||| RETREEEEATING.
 13270 | Lair:4   | 13270 ||| RETREEEEATING.
 13271 | Lair:4   | 13271 ||| RETREEEEATING.
 13272 | Lair:4   | 13272 ||| RETREEEEATING.
 13273 | Lair:4   | 13273 ||| RETREEEEATING.
 13274 | Lair:4   | 13274 ||| RETREEEEATING.
 13275 | Lair:4   | 13275 ||| RETREEEEATING.
 13287 | Lair:4   | Reached skill level 17 in Dodging
 13324 | Lair:4   | 13324 ||| READING scroll of enchant armour.
 13324 | Lair:4   | 13324 ||| ENCHANTING +0 troll leather armour.
 13379 | Lair:4   | 13379 ||| RETREEEEATING.
 13666 | Lair:5   | 13666 ||| INVOKING Finesse.
 13674 | Lair:5   | 13674 ||| RETREEEEATING.
 13678 | Lair:5   | 13678 ||| RETREEEEATING.
 13680 | Lair:5   | 13680 ||| RETREEEEATING.
 13763 | Lair:5   | Reached ****** piety under Okawaru
 13772 | Lair:5   | 13772 ||| INVOKING Receive Weapon.
 13772 | Lair:5   | 13772 ||| ACQUIRING +3 hand cannon of freezing
 13772 | Lair:5   | Acquired a +3 hand cannon of freezing
 13772 | Lair:5   | Received a gift from Okawaru
 13773 | Lair:5   | 13773 ||| INVOKING Receive Armour.
 13773 | Lair:5   | 13773 ||| ACQUIRING scarf of resistance
 13773 | Lair:5   | Acquired a scarf of resistance
 13773 | Lair:5   | Received a gift from Okawaru
 13775 | Lair:5   | 13775 ||| SWAPPING to +3 hand cannon of freezing.
 13776 | Lair:5   | 13776 ||| DROPPING +1 heavy orcbow.
 13777 | Lair:5   | 13777 ||| READING scroll of brand weapon.
 13777 | Lair:5   | 13777 ||| BRANDING +3 hand cannon of freezing.
 13794 | Lair:5   | Received a gift from Okawaru
 13845 | Lair:5   | Noticed a dire elephant
 13845 | Lair:5   | Noticed a dire elephant
 13851 | Lair:5   | 13851 ||| RETREEEEATING.
 13852 | Lair:5   | 13852 ||| RETREEEEATING.
 13853 | Lair:5   | 13853 ||| RETREEEEATING.
 13940 | Lair:5   | 13940 ||| RETREEEEATING.
 13941 | Lair:5   | 13941 ||| RETREEEEATING.
 13942 | Lair:5   | 13942 ||| RETREEEEATING.
 13943 | Lair:5   | 13943 ||| RETREEEEATING.
 13944 | Lair:5   | 13944 ||| RETREEEEATING.
 13946 | Lair:5   | 13946 ||| RETREEEEATING.
 13947 | Lair:5   | 13947 ||| RETREEEEATING.
 13948 | Lair:5   | 13948 ||| RETREEEEATING.
 13951 | Lair:5   | 13951 ||| RETREEEEATING.
 13952 | Lair:5   | 13952 ||| RETREEEEATING.
 13953 | Lair:5   | 13953 ||| RETREEEEATING.
 13954 | Lair:5   | 13954 ||| RETREEEEATING.
 13955 | Lair:5   | 13955 ||| RETREEEEATING.
 13955 | Lair:5   | HP: 11/65 [sixfirhy[an obsidian statue] (10)]
 13956 | Lair:5   | 13956 ||| READING 8 scrolls of teleportation.
 13957 | Lair:5   | 13957 ||| DRINKING 7 potions of heal wounds.
 14005 | Lair:5   | 14005 ||| RETREEEEATING.
 14006 | Lair:5   | 14006 ||| RETREEEEATING.
 14007 | Lair:5   | 14007 ||| RETREEEEATING.
 14008 | Lair:5   | 14008 ||| RETREEEEATING.
 14012 | Lair:5   | 14012 ||| RETREEEEATING.
 14016 | Lair:5   | 14016 ||| RETREEEEATING.
 14044 | Lair:5   | 14044 ||| RETREEEEATING.
 14047 | Lair:5   | 14047 ||| RETREEEEATING.
 14049 | Lair:5   | 14049 ||| RETREEEEATING.
 14052 | Lair:5   | 14052 ||| RETREEEEATING.
 14055 | Lair:5   | 14055 ||| RETREEEEATING.
 14059 | Lair:5   | 14059 ||| RETREEEEATING.
 14080 | Lair:5   | 14080 ||| INVOKING Finesse.
 14220 | Lair:5   | 14220 ||| RETREEEEATING.
 14232 | Lair:5   | 14232 ||| RETREEEEATING.
 14233 | Lair:5   | 14233 ||| RETREEEEATING.
 14234 | Lair:5   | 14234 ||| RETREEEEATING.
 14235 | Lair:5   | 14235 ||| RETREEEEATING.
 14236 | Lair:5   | 14236 ||| INVOKING Finesse.
 14239 | Lair:5   | Reached skill level 18 in Dodging
 14480 | Lair:5   | Reached XP level 14. HP: 72/72 MP: 22/22
 14532 | Lair:5   | Noticed Josephine
 14539 | Lair:5   | Killed Josephine
 14542 | Lair:5   | Received a gift from Okawaru
 14549 | Lair:5   | 14549 ||| INVOKING Finesse.
 14824 | Lair:5   | 14824 ||| RETREEEEATING.
 14828 | Lair:5   | 14828 ||| RETREEEEATING.
 14829 | Lair:5   | 14829 ||| RETREEEEATING.
 14830 | Lair:5   | 14830 ||| RETREEEEATING.
 14831 | Lair:5   | 14831 ||| RETREEEEATING.
 14832 | Lair:5   | 14832 ||| RETREEEEATING.
 14834 | Lair:5   | 14834 ||| RETREEEEATING.
 14876 | Lair:5   | Identified the +9 orcbow of Cataclysm {speed, rF+ rN+ rCorr
                  | Int-4 Dex+2}
 14982 | Lair:5   | 14982 ||| FLEEEEING.
 14983 | Lair:5   | 14983 ||| FLEEEEING.
 14984 | Lair:5   | 14984 ||| FLEEEEING.
 14985 | Lair:5   | 14985 ||| FLEEEEING.
 14986 | Lair:5   | 14986 ||| FLEEEEING.
 14991 | Lair:5   | 14991 ||| FLEEEEING.
 14992 | Lair:5   | 14992 ||| FLEEEEING.
 14993 | Lair:5   | 14993 ||| FLEEEEING.
 14994 | Lair:5   | 14994 ||| FLEEEEING.
 14995 | Lair:5   | 14995 ||| FLEEEEING.
 15083 | Lair:5   | HP: 15/72 [dire elephant simulacrum[a necromancer] (39)]
 15084 | Lair:5   | 15084 ||| READING 8 scrolls of teleportation.
 15084 | Lair:5   | HP: 3/72 [dire elephant simulacrum[a necromancer] (6)]
 15084 | Lair:5   | Annihilated by a dire elephant simulacrum

Levels and vault maps discovered:
D:1:      lightli_arrival_farm, layout_basic,
          dreamdust_ecumenical_altar_angels_and_demons
D:2:      layout_basic, minmay_misc_feat_columns, minmay_door_square,
          corexii_item_surrounded_by_moat, serial_bayou_pond_a
D:3:      layout_basic
D:4:      layout_basic, nicolae_overflow_crystal_walls,
          mainiacjoe_overflow_six_doors_small, fedhas_altar_3,
          mainiacjoe_overflow_surrounded_room,
          nemelex_xobeh_ov_fountains_minmay, minmay_increasing_density
D:5:      layout_layer_cave, mainiacjoe_overflow_small_starburst, uniq_menkaure,
          uniq_blork_the_orc
D:6:      layout_rooms, lemuel_crystal_altar, kennysheep_mini,
          minmay_temple_entry_stoned_glass, kennysheep_generic_room_12
D:7:      layout_layer_cave, mainiacjoe_overflow_brackets, serial_shops, shop,
          enter_ossuary_3, dreamdust_gnoll_shepherd, uniq_prince_ribbit1
D:8:      layout_cave_pools, gammafunk_ghost_hive, uniq_psyche, uniq_erica
D:9:      layout_loops_ring, minivault_16, kennysheep_generic_room_9
D:10:     layout_basic, erik_lair_dragon, orc_0_dummy, enter_bailey_5
Temple:   nicolae_temple_bog_church
Lair:1:   layout_cave_pods, infiniplex_staircase_pool
Lair:2:   layout_concentric_octagons, ebering_ghost_reflecting_pool,
          lemuel_fruit_tree
Lair:3:   layout_chaotic_city, minmay_swamp_entry_worms, spider_nest_entry_webs,
          nicolae_volcano_entry_hallway, grunt_megastairs_5, uniq_nergalle
Lair:4:   layout_gridlike, minmay_slime_entry_oklob_open, beast_lair_carwin_3
Lair:5:   due_jungle_book, layout_regular_city, portal_ice_cave_demonic_guard,
          chequers_serial_rivers_large_b, infiniplex_staircase_pool_2,
          uniq_josephine

Skill      XL: |  1  2  3  4  5  6  7  8  9 10 11 12 13 14 |
---------------+-------------------------------------------+-----
Dodging        | 3 4 5 6 8 10 12 14 15 16 18 | 18.0
Ranged Weapons | 5 6 8 9 10 12 13 14 16 17 | 17.0
Fighting       | 2 3 4 5 6 7 |  7.0
Armour         | 1 |  1.2
Invocations    | 4 6 10 | 10.0
Stealth        | |  1.5

Action                     |  1- 3 |  4- 6 |  7- 9 | 10-12 | 13-15 || total
---------------------------+-------+-------+-------+-------+-------++-------
   Fire: Shortbow          |   106 |   129 |   150 |       |       ||   385
         Orcbow            |       |       |   220 |   620 |   200 ||  1040
         Hand cannon       |       |       |       |       |   329 ||   329
 Invoke: Heroism           |       |       |       |     2 |       ||     2
         Finesse           |       |       |       |     4 |     4 ||     8
         Receive Weapon    |       |       |       |       |     1 ||     1
         Receive Armour    |       |       |       |       |     1 ||     1
    Use: Scroll            |     2 |     9 |    15 |     4 |     5 ||    35
         Potion            |       |       |     3 |       |     1 ||     4
 Armour: Robe              |    16 |     5 |    32 |     7 |       ||    60
         Steam dragon scal |       |       |    16 |    24 |       ||    40
         Troll leather arm |       |       |       |    60 |    55 ||   115
  Dodge: Dodged            |    29 |    34 |   197 |   523 |   352 ||  1135

Table legend:
 A = Non-vault XP
 B = Vault XP
 C = Vault XP percentage of total XP
 D = Non-vault monster count
 E = Vault monster count
 F = Vault count percentage of total count
                 A         B        C        D         E       F
            +---------+---------+-------+---------+---------+-------
      Total |   51652 |   22367 |  30.2 |     368 |     112 |  23.3
            +---------+---------+-------+---------+---------+-------
        D:1 |      50 |       0 |   0.0 |      29 |       0 |   0.0
        D:2 |      61 |       0 |   0.0 |      14 |       0 |   0.0
        D:3 |     163 |       0 |   0.0 |      17 |       0 |   0.0
        D:4 |     347 |     181 |  34.3 |      34 |      10 |  22.7
        D:5 |     730 |     262 |  26.4 |      21 |       2 |   8.7
        D:6 |    1223 |      13 |   1.1 |      16 |       1 |   5.9
        D:7 |    1588 |    1100 |  40.9 |      23 |       6 |  20.7
        D:8 |    1049 |    1187 |  53.1 |      18 |       2 |  10.0
        D:9 |    3192 |       0 |   0.0 |      30 |       0 |   0.0
       D:10 |    1897 |    1338 |  41.4 |      16 |      10 |  38.5
     Lair:1 |    5022 |       0 |   0.0 |      21 |       0 |   0.0
     Lair:2 |    9123 |       0 |   0.0 |      32 |       0 |   0.0
     Lair:3 |    5163 |    3158 |  38.0 |      16 |       9 |  36.0
     Lair:4 |    5659 |    2647 |  31.9 |      25 |       7 |  21.9
     Lair:5 |   16385 |   11992 |  42.3 |      56 |      33 |  37.1
    Ossuary |       0 |     489 | 100.0 |       0 |      32 | 100.0
            +---------+---------+-------+---------+---------+-------
